 Dungeon Crawl Stone Soup version 0.29-a0-275-g389c0b56f3 (webtiles) character file.

Game seed: 11761205729109306773

683 YayAnonymity the Chopper (level 7, 0/50 HPs)
             Began as a Demonspawn Gladiator on Mar 13, 2022.
             Was an Initiate of Makhleb.
             Slain by a gnoll sergeant
             ... wielding a +0 trident
              (4 damage)
             ... on level 6 of the Dungeon.
             The game lasted 00:07:08 (4774 turns).

YayAnonymity the Chopper (Demonspawn Gladiator)     Turns: 4774, Time: 00:07:09

Health: 0/50       AC:  9    Str: 16    XL:     7   Next: 35%
Magic:  9/9        EV: 13    Int: 10    God:    Makhleb [......]
Gold:   117        SH:  0    Dex: 20    Spells: 6/6 levels left

rFire   . . .      SeeInvis .   a - +0 war axe
rCold   . . .      Faith    .   (no shield)
rNeg    . . .      Spirit   .   q - +4 robe of Midwinter {Dex+2}
rPois   .          Reflect  .   c - +1 helmet
rElec   .          Harm     .   (no cloak)
rCorr   .          Rampage  .   (no gloves)
Will    .....                   v - +0 pair of boots
Stlth   ++........              r - amulet of the acrobat
HPRegen 0.16/turn               (no ring)
MPRegen 0.11/turn               (no ring)

@: lit by a corona, glowing
A: thin skeletal structure 2, powered by death 1, weakness stinger 1
a: Renounce Religion


You were on level 6 of the Dungeon.
You worshipped Makhleb.
Makhleb was noncommittal.
You visited 2 branches of the dungeon, and saw 7 of its levels.

You collected 117 gold pieces.

Inventory:

Hand Weapons
 a - a +0 war axe (weapon)
Missiles
 d - 3 throwing nets
 e - a javelin
 n - 10 poisoned darts (quivered)
Armour
 c - a +1 helmet (worn)
 q - the +4 robe of Midwinter (worn) {Dex+2}
   (You found it on level 3 of the Dungeon)

   Dex:       It affects your dexterity (+2).
 v - a +0 pair of boots (worn)
Jewellery
 r - an amulet of the acrobat (around neck)
Wands
 t - a wand of polymorph (12)
 w - a wand of paralysis (8)
Scrolls
 f - 2 scrolls of enchant armour
 g - a scroll of vulnerability
 l - a scroll of enchant weapon {unknown}
 o - a scroll of teleportation
 x - a scroll of fear {unknown}
Potions
 b - a potion of lignification
 h - a potion of invisibility {unknown}
 i - a potion of attraction {unknown}
 j - 4 potions of flight
 k - a potion of ambrosia {unknown}
 m - a potion of haste {unknown}
 p - a potion of curing
 s - a potion of magic {unknown}
 u - a potion of berserk rage {unknown}


   Skills:
 - Level 2.0 Fighting
 * Level 7.3 Axes
 - Level 1.7 Throwing
 - Level 2.6 Dodging
 + Level 3.8 Invocations


You had 6 spell levels left.
You didn't know any spells.
Your spell library contained the following spells:

 Spells                   Type           Power      Damage    Failure   Level
 Animate Skeleton         Necr           0%         N/A       36%         1
 Pain                     Necr           0%         1d4       36%         1
 Slow                     Hex            0%         N/A       36%         1
 Sting                    Tmut/Pois      0%         1d3       36%         1
 Poisonous Vapours        Pois/Air       0%         N/A       50%         2
 Sublimation of Blood     Necr           0%         N/A       50%         2
 Wereblood                Tmut           0%         N/A       50%         2
 Confusing Touch          Hex            0%         N/A       75%         3
 Dazzling Flash           Conj/Hex       0%         N/A       75%         3
 Vampiric Draining        Necr           0%         2d6       75%         3
 Iskenderun's Mystic Bla  Conj/Tloc      0%         2d3       98%         4
 Olgreb's Toxic Radiance  Pois           0%         N/A       98%         4
 Starburst                Conj/Fire      0%         6d3       100%        6
 Summon Hydra             Summ           0%         N/A       100%        7


Dungeon Overview and Level Annotations

Branches:
Dungeon (6/15)             Temple (1/1) D:4

Altars:
Cheibriados
Dithmenos
Gozag
Hepliaklqana
Kikubaaqudgha
Makhleb
Nemelex Xobeh
Okawaru
Qazlal
Uskayaw
Vehumet
Xom
Yredelemnul
Zin
The Shining One

Shops:
D:5 [

Annotations:
D:4 Menkaure


Innate Abilities, Weirdness & Mutations

You have a moderately thin skeletal structure. (Dex +4, Stealth++)
You regenerate a little health from kills.
You have a small tail.


Message History

You see here 11 stones.
There is a stone staircase leading down here.
You climb downwards.
Reactivating autopickup.
There is a stone staircase leading up here.
Found a stone staircase leading up.
The gnoll hits you from afar with a +0 spear.
The gnoll sergeant misses you.
You hit the gnoll sergeant but do no damage.
Your tail-slap misses the gnoll sergeant.
You barely miss the gnoll. The gnoll barely misses you. The gnoll misses you.
The gnoll sergeant hits you with a +0 trident.
You barely miss the gnoll sergeant. You tail-slap the gnoll sergeant!
The gnoll sergeant is moderately wounded.
You hit the gnoll.
The gnoll hits you but does no damage. x2
The gnoll sergeant closely misses you.
You barely miss the gnoll sergeant.
The gnoll sergeant is moderately wounded.
You hit the gnoll but do no damage. The gnoll hits you with a +0 halberd.
The gnoll hits you but does no damage.
The gnoll sergeant hits you but does no damage.
You hit the gnoll sergeant.
Your tail-slap misses the gnoll sergeant.
The gnoll sergeant is moderately wounded.
You closely miss the gnoll. The gnoll hits you with a +0 halberd.
The gnoll hits you from afar with a +0 spear.
The gnoll sergeant completely misses you.
You hit the gnoll sergeant.
You tail-slap the gnoll sergeant, but do no damage.
The gnoll sergeant is heavily wounded.
You hit the gnoll. The gnoll hits you but does no damage.
The gnoll hits you from afar with a +0 spear.
The gnoll sergeant closely misses you.
You hit the gnoll sergeant. You tail-slap the gnoll sergeant.
The gnoll sergeant is severely wounded.
You barely miss the gnoll. The gnoll hits you with a +0 halberd!
* * * LOW HITPOINT WARNING * * *
The gnoll misses you.
The gnoll sergeant hits you with a +0 trident.
You die...

## ####
<# ...
.#
###.#.
#...g##
#.gg@<#
#######


You could see a gnoll sergeant and 2 gnolls.

Vanquished Creatures
  A black bear (D:5)
  An ogre (D:5)
  A centaur (D:5)
  A phantom (D:5)
  2 scorpions (D:4)
  A howler monkey (D:4)
  An orc priest (D:5)
  An iguana (D:5)
  Robin (D:4)
  2 gnolls (D:5)
  2 adders
  A white imp (D:4)
  3 worms
  3 dart slugs
  7 orcs
  6 ball pythons
  2 endoplasms (D:2)
  4 giant cockroaches
  8 hobgoblins
  2 kobolds
  2 quokkas (D:1)
  6 bats
  A frilled lizard (D:3)
  10 goblins
  6 rats
  2 butterflies (D:4)
77 creatures vanquished.

Vanquished Creatures (others)
  2 fungi (D:5)
2 creatures vanquished.

Grand Total: 79 creatures vanquished

Notes
Turn   | Place    | Note
-------+----------+-------------------------------------------
     0 | D:1      | YayAnonymity the Demonspawn Gladiator began the quest for
                  | the Orb.
     0 | D:1      | Reached XP level 1. HP: 16/16 MP: 1/1
   340 | D:1      | Reached skill level 3 in Axes
   400 | D:1      | Gained mutation: You regenerate a little health from kills.
                  | [demonic ancestry]
   400 | D:1      | Reached XP level 2. HP: 22/22 MP: 2/2
  1172 | D:2      | Reached XP level 3. HP: 22/27 MP: 3/3
  1378 | D:2      | Reached skill level 4 in Axes
  2177 | D:3      | Found a shadowy altar of Dithmenos.
  2619 | D:3      | Identified the +4 robe of Midwinter {Dex+2}
  2897 | D:4      | Noticed a scorpion
  2904 | D:4      | Killed a scorpion
  2905 | D:4      | Reached skill level 5 in Axes
  2905 | D:4      | Reached XP level 4. HP: 20/33 MP: 4/4
  3135 | D:4      | Noticed Robin
  3147 | D:4      | Killed Robin
  3148 | D:4      | Gained mutation: You have a somewhat thin skeletal
                  | structure. (Dex +2, Stealth+) [demonic ancestry]
  3148 | D:4      | Reached XP level 5. HP: 38/38 MP: 5/5
  3317 | D:4      | Reached skill level 6 in Axes
  3457 | D:4      | Found a staircase to the Ecumenical Temple.
  3471 | Temple   | Entered the Ecumenical Temple
  3735 | Temple   | Became a worshipper of Makhleb the Destroyer
  3991 | D:4      | Noticed Menkaure
  4024 | D:5      | Entered Level 5 of the Dungeon
  4052 | D:5      | Found a hazy altar of Hepliaklqana.
  4111 | D:5      | Gained mutation: You have a moderately thin skeletal
                  | structure. (Dex +4, Stealth++) [demonic ancestry]
  4111 | D:5      | Reached XP level 6. HP: 44/44 MP: 6/6
  4167 | D:5      | Reached skill level 1 in Invocations
  4461 | D:5      | Reached skill level 7 in Axes
  4461 | D:5      | Gained mutation: You have a small tail. [demonic ancestry]
  4461 | D:5      | Reached XP level 7. HP: 49/50 MP: 9/9
  4550 | D:5      | Found Qeffiph's Armour Boutique.
  4774 | D:6      | Slain by a gnoll sergeant

Illustrated notes

Levels and vault maps discovered:
D:1:      erik_arrival_blinker_ship, layout_basic,
          chequers_hall_statues_corner_a, roderic_roman_lattice,
          nicolae_figureground_pulse
D:2:      layout_loops_ring, basic_altar, kennysheep_minor_cross, minmay_unequal
D:3:      layout_basic, nicolae_dithmenos_shadow_blocks
D:4:      layout_basic, minmay_temple_entry_butterflies, uniq_menkaure,
          uniq_robin
D:5:      layout_basic, elyvilon_altar_1, worldfamousw_hep_ancestral_shrine,
          ebering_ghost_sewer_f, serial_shops, shop_statue, water_boxes_lemuel,
          uniq_duvessa
D:6:      layout_basic, uniq_eustachio, uniq_blork_the_orc
Temple:   oiseaux_autumnal_temple

Skill      XL: |  1  2  3  4  5  6 |
---------------+-------------------+-----
Axes           | 3 5 6 7 |  7.3
Invocations    | 3 |  3.8
Fighting       | |  2.0
Throwing       | |  1.7
Dodging        | |  2.6

Action                   |  1- 3 |  4- 6 |  7- 9 || total
-------------------------+-------+-------+-------++-------
Melee: War axe           |   119 |    92 |    22 ||   233
       Tailslap          |       |       |     5 ||     5
Throw: Dart              |     3 |       |       ||     3
  Use: Scroll            |     7 |       |       ||     7
       Potion            |       |     1 |       ||     1
 Stab: Sleeping          |     1 |     1 |     1 ||     3
Armor: Leather armour    |    10 |       |       ||    10
       Ring mail         |    45 |       |       ||    45
       Robe              |     4 |    43 |     8 ||    55
Dodge: Dodged            |    86 |    84 |    22 ||   192

Table legend: (Time is in decaauts)
 A = Elapsed time spent in this place.
 B = Non-inter-level travel time spent in this place.
 C = Inter-level travel time spent in this place.
 D = Time resting spent in this place.
 E = Time spent auto-exploring this place.
 F = Levels seen in this place.
 G = Mean time per level.
                   A        B        C        D        E       F      G
               +--------+--------+--------+--------+--------+-----+--------+
         Total |   4840 |   4529 |    311 |    215 |   3574 |   7 |  691.4 |
       Dungeon |   4544 |   4270 |    274 |    215 |   3337 |   6 |  757.3 |
        Temple |    295 |    258 |     37 |      0 |    237 |   1 |  295.0 |
               +--------+--------+--------+--------+--------+-----+--------+

Top non-repeatable levels by time:
     D:1: 1077 daAuts
     D:3: 933 daAuts
     D:2: 890 daAuts
     D:4: 883 daAuts
     D:5: 752 daAuts
  Temple: 295 daAuts
     D:6: 7 daAuts
